 Dungeon Crawl Stone Soup version 0.30-b1-2-g02819fbbbe (webtiles) character file.

Game seed: 3151279864188021992

2914 redmage the Geomancer (level 10, -5/72 HPs)
             Began as a Meteoran Earth Elementalist on Aug 3, 2023.
             Was a Follower of Cheibriados.
             Slain by a yak (7 damage)
             ... on level 9 of the Dungeon.
             The game lasted 00:41:44 (2304 turns).

redmage the Geomancer (Meteoran Earth Elementalist) Turns: 2304, Time: 00:41:44

Health: -5/72      AC: 13    Str: 13    XL:     10   Next: 27%
Magic:  8/17       EV: 12    Int: 24    God:    Cheibriados [*.....]
Gold:   242        SH:  0    Dex: 18    Spells: 3/17 levels left

rFire   + . .        m - +6 morningstar
rCold   . . .        (no shield)
rNeg    . . .        q - +0 acid dragon scales
rPois   .            (no helmet)
rElec   .            p - +0 cloak
rCorr   +            (no gloves)
SInv    .            d - +0 pair of boots
Will    +....        (no amulet)
Stlth   +            c - ring of protection from fire
HPRegen 0.32/turn    (no ring)
MPRegen 0.15/turn

%: no passive effects
@: ice-armoured, glowing, very slow
A: sense surroundings 2, otherworldly, glowing, explore regen
a: Renounce Religion, Bend Time


You were on level 9 of the Dungeon.
You worshipped Cheibriados.
Cheibriados was aware of your devotion.
You visited 2 branches of the dungeon, and saw 10 of its levels.
You also visited: Sewer and Ossuary.

You collected 242 gold pieces.

Inventory:

Hand Weapons
 m - a +6 morningstar (weapon)
Missiles
 a - a throwing net
 f - 8 boomerangs
 h - 10 poisoned darts
Armour
 d - a +0 pair of boots (worn)
 p - a +0 cloak (worn)
 q - +0 acid dragon scales (worn)
 v - a +1 plate armour of fire resistance
Magical Staves
 s - a staff of conjuration
Jewellery
 b - a ring of willpower
 c - a ring of protection from fire (left hand)
Wands
 r - a wand of flame (17)
Scrolls
 g - 5 scrolls of blinking
 l - 3 scrolls of teleportation
Potions
 e - 2 potions of curing
 i - 3 potions of mutation
 j - 3 potions of heal wounds
 k - 7 potions of flight
 n - 5 potions of haste
 t - a potion of attraction
 u - a potion of invisibility {unknown}


   Skills:
 + Level 1.6 Fighting
 + Level 1.8 Maces & Flails
 + Level 3.1 Dodging
 - Level 1.4 Stealth
 - Level 4.0 Spellcasting
 - Level 8.1 Conjurations
 + Level 3.4 Translocations
 + Level 6.5 Transmutations
 - Level 6.0 Ice Magic
 + Level 8.2 Earth Magic
 + Level 1.9 Invocations


You had 3 spell levels left.
You knew the following spells:

 Your Spells              Type           Power      Damage    Failure   Level
a - Sandblast             Erth           88%        2d18      1%          1
b - Passwall              Tmut/Erth      33%        N/A       1%          2
c - Stone Arrow           Conj/Erth      88%        3d12      1%          3
d - Frozen Ramparts       Ice            66%        1d10      3%          3
e - Ozocubu's Armour      Ice            33%        N/A       3%          3
f - Blink                 Tloc           42%        N/A       5%          2

Your spell library contained the following spells:

 Spells                   Type           Power      Damage    Failure   Level
 Freeze                   Ice            100%       1d10      1%          1
 Magic Dart               Conj           100%       1d8       1%          1
 Searing Ray              Conj           86%        2d7       1%          2
 Hailstorm                Conj/Ice       38%        3d9       2%          3
 Mephitic Cloud           Conj/Pois/Air  17%        N/A       14%         3
 Call Imp                 Summ           8%         N/A       22%         2
 Inner Flame              Hex/Fire       4%         N/A       38%         3
 Petrify                  Tmut/Erth      40%        N/A       7%          4
 Fulminant Prism          Conj/Hex       12%        3d8       26%         4
 Manifold Assault         Tloc           21%        N/A       34%         4
 Yara's Violent Unravell  Hex/Tmut       10%        3d6       71%         5
 Metabolic Englaciation   Hex/Ice        9%         N/A       75%         5
 Simulacrum               Ice/Necr       9%         N/A       99%         6
 Enfeeble                 Hex            2%         N/A       100%        7
 Storm Form               Tmut/Air       10%        N/A       100%        7


Dungeon Overview and Level Annotations

Branches:
Dungeon (9/15) Zot: 5492   Temple (1/1) D:6 Zot: 863   Sewer (visited)
Ossuary (visited)
   Lair: D:8-11         Orc: D:9-12

Altars:
Ashenzari
Cheibriados
Dithmenos
Hepliaklqana
Kikubaaqudgha
Makhleb
Nemelex Xobeh
Qazlal
Vehumet
Wu Jian
Xom
Zin
The Shining One

Shops:
D:5 :*

Annotations:
D:2 exclusion: upstairs


Innate Abilities, Weirdness & Mutations

You passively map the area around you.
You are easily found by Zot.
You glow in the dark.
You regain HP and MP as you explore.


Message History

The yak gores you but does no damage.
The wall freezes the yak.
The yak gores you but does no damage.
The wall freezes the yak.
The wall freezes the yak but does no damage.
The yak gores you but does no damage.
Unknown command.
You hit the yak.
The yak is heavily wounded.
The wall freezes the yak!
The wall freezes the yak.
The yak gores you!
The wall freezes the yak!
The wall freezes the yak.
The yak gores you but does no damage.
The orc wizard casts a spell.
The orc wizard flickers and vanishes!
Deactivating autopickup; reactivate with Ctrl-A.
An orc comes into view. It is wielding a +0 club.
The wall freezes the yak but does no damage.
The yak gores you but does no damage.
The wall freezes the yak.
The yak misses you.
The wall freezes the yak.
The wall freezes the yak but does no damage.
The yak closely misses you.
The wall freezes the yak.
The yak gores you.
The wall freezes the yak.
The yak closely misses you.
The wall freezes the yak.
The yak gores you!
You hit the yak.
The yak is severely wounded.
The frozen ramparts melt away.
An orc priest comes into view. It is wielding a +0 mace.
The yak gores you but does no damage. The yak gores you.
The yak gores you but does no damage. The yak barely misses you.
Unknown command.
Unknown command.
Casting: Frozen Ramparts (dangerous; 3% risk of failure)
Confirm with . or Enter, or press ? or * to list all spells.
Your icy armour thickens.
The orc priest mumbles some strange prayers to Beogh against you.
Beogh smites you!
* * * LOW HITPOINT WARNING * * *
The yak gores you!
* * * LOW HITPOINT WARNING * * *
The yak gores you but does no damage. The yak barely misses you.
The yak gores you!
You die...

#<.# .................##
###............#........#*,,
,.......##..#.#.o...##.., **
,.......#.....o.........
##.....##.............* ***
,#..Y.o............#
*##.Y..............#
##Y#..............
##@Y...............
#.YY...###........#
#..##...#.........#
#......###.....))..
#.......#*#...).<..
##......# #)))..... ###...##
##))..... #.### #.)..... ##
####...#


You could see 6 yaks, an orc priest and 2 orcs.

Vanquished Creatures
  Maggie (D:6)
  A hornet (D:8)
  3 yaks
  A steam dragon (D:6)
  2 orc warriors
  3 centaurs
  A kobold brigand (D:8)
  2 bullfrogs
  A gnoll sergeant (D:9)
  3 wights (D:8)
  4 howler monkeys
  4 bullfrog zombies (Ossuary)
  A human zombie (Ossuary)
  2 centaur zombies (Ossuary)
  4 hounds
  An orc priest (D:9)
  A sleepcap (D:5)
  7 orc wizards
  A sickly merfolk siren (Sewer)
  A malarious merfolk avatar (Sewer)
  3 ogre zombies (Ossuary)
  A mummy (Ossuary)
  5 gnolls (D:9)
  8 adders
  2 river rats
  A white imp (D:6)
  An adder zombie (Ossuary)
  A worm (D:3)
  A dart slug (D:3)
  16 orcs
  7 ball pythons
  3 endoplasms
  3 giant cockroaches
  2 gnoll zombies (Ossuary)
  5 goblins
  A hobgoblin (D:4)
  2 jackals (D:4)
  3 quokkas
  4 bats
  7 frilled lizards (Sewer)
  4 goblin zombies
  4 hobgoblin zombies (Ossuary)
  9 kobolds
  7 orc zombies (Ossuary)
  A quokka zombie (D:6)
  20 rats
165 creatures vanquished.

Notes
Turn   | Place    | Note
-------+----------+-------------------------------------------
     0 | D:1      | redmage the Meteoran Earth Elementalist began the quest for
                  | the Orb.
     0 | D:1      | Reached XP level 1. HP: 14/14 MP: 5/5
   162 | D:1      | Reached XP level 2. HP: 20/20 MP: 4/6
   193 | D:1      | You fall into a shaft and drop 1 floor!
   289 | D:2      | Learned a level 2 spell: Passwall
   384 | D:3      | Reached XP level 3. HP: 26/26 MP: 5/8
   388 | D:3      | Learned a level 3 spell: Stone Arrow
   450 | D:3      | Reached skill level 5 in Earth Magic
   450 | D:3      | Reached XP level 4. HP: 33/33 MP: 3/10
   518 | D:3      | Learned a level 3 spell: Frozen Ramparts
   545 | D:5      | Entered Level 5 of the Dungeon
   548 | D:5      | Found Peduram's Book Shop.
   548 | D:5      | Noticed a walking earthen tome
   548 | D:5      | Noticed a walking divine tome
   556 | D:5      | Reached XP level 5. HP: 38/38 MP: 8/11
   559 | D:5      | Reached skill level 1 in Conjurations
   559 | D:5      | Reached skill level 1 in Ice Magic
   623 | D:4      | Reached XP level 6. HP: 45/45 MP: 6/12
   644 | D:4      | Found a glowing drain.
   662 | Sewer    | Entered a sewer
   876 | Sewer    | Learned a level 3 spell: Ozocubu's Armour
   939 | D:4      | Found a glowing silver altar of Zin.
  1000 | D:5      | Found Odduw's General Store.
  1044 | D:5      | Noticed an ice beast
  1050 | D:5      | Reached XP level 7. HP: 39/50 MP: 9/14
  1173 | D:6      | Found a sand-covered staircase.
  1190 | Ossuary  | Entered an ossuary
  1259 | Ossuary  | Reached skill level 5 in Ice Magic
  1309 | Ossuary  | Reached skill level 5 in Conjurations
  1309 | Ossuary  | Reached XP level 8. HP: 30/57 MP: 4/15
  1402 | Ossuary  | Noticed a silent spectre
  1498 | D:6      | Noticed Maggie
  1510 | D:6      | Killed Maggie
  1531 | D:6      | Found a staircase to the Ecumenical Temple.
  1539 | Temple   | Entered the Ecumenical Temple
  1552 | Temple   | Became a worshipper of Cheibriados the Contemplative
  1585 | D:6      | Noticed a steam dragon
  1590 | D:6      | Killed a steam dragon
  1591 | D:6      | Gained mutation: You passively map the area around you.
                  | [Meteoran growth]
  1591 | D:6      | Reached XP level 9. HP: 57/62 MP: 3/16
  1808 | D:8      | Reached skill level 5 in Transmutations
  1870 | D:8      | Learned a level 2 spell: Blink
  1882 | D:8      | Reached * piety under Cheibriados
  2024 | D:9      | Noticed a hornet
  2027 | D:9      | Reached skill level 1 in Translocations
  2031 | D:8      | Killed a hornet
  2171 | D:8      | Reached XP level 10. HP: 69/69 MP: 2/17
  2238 | D:9      | Reached skill level 1 in Invocations
  2244 | D:9      | Reached skill level 1 in Fighting
  2244 | D:9      | Reached skill level 1 in Maces & Flails
  2304 | D:9      | HP: 2/72 [yak (8)]
  2304 | D:9      | Slain by a yak

Illustrated notes

Levels and vault maps discovered:
D:1:      dpeg_arrival_castle, layout_loops_ring
D:2:      layout_loops_cross, basic_altar
D:3:      layout_loops_corners
D:4:      layout_loops_ring, zin_treasury, mainiacjoe_overflow_alcove_1,
          portal_sewer_entry_a
D:5:      layout_rooms, yredelemnul_altar_generic, serial_shops,
          nicolae_shop_mannequins, shop, nicolae_shop_back_alley_shop,
          nicolae_square_shop, chequers_serial_rivers_marsh,
          nicolae_nh_ransacked_shop
D:6:      layout_loops_cross, okawaru_ov_weapons_minmay, jmf_multi_god_temple2,
          minmay_temple_entry_gardened_gates, enter_ossuary_4, uniq_maggie
D:7:      layout_loops_ring, lightli_minifort
D:8:      layout_basic
D:9:      layout_cave_pools, chequers_temple_overflow_statue_of_worship,
          lair_entry_dummy, serial_shops, shop
Temple:   nicolae_temple_ecumenical_triangle

Skill      XL: |  1  2  3  4  5  6  7  8  9 10 |
---------------+-------------------------------+-----
Earth Magic    | 4 5 7 8 |  8.2
Spellcasting   | 3 4 |  4.0
Transmutations | 2 6 |  6.5
Conjurations   | 2 3 5 8 |  8.1
Ice Magic      | 1 3 5 6 |  6.0
Translocations | 2 3 |  3.4
Invocations    | 1 |  1.9
Fighting       | 1 |  1.6
Maces & Flails | 1 |  1.8
Dodging        | 3 |  3.1
Stealth        | |  1.4

Action                     |  1- 3 |  4- 6 |  7- 9 | 10-12 || total
---------------------------+-------+-------+-------+-------++-------
  Melee: Unarmed           |     2 |     4 |       |       ||     6
         War axe           |       |     1 |    78 |       ||    79
         Punch             |       |       |     1 |       ||     1
         Morningstar       |       |       |       |    15 ||    15
   Cast: Sandblast         |    38 |    64 |    55 |     6 ||   163
         Passwall          |     3 |     2 |    11 |     5 ||    21
         Frozen Ramparts   |       |     5 |     4 |     5 ||    14
         Stone Arrow       |       |       |    36 |     7 ||    43
         Ozocubu's Armour  |       |       |    11 |     3 ||    14
         Blink             |       |       |       |     1 ||     1
  Evoke: Wand              |       |       |     3 |     2 ||     5
    Use: Scroll            |       |       |    11 |     1 ||    12
         Potion            |       |       |     1 |     4 ||     5
 Armour: Robe              |     7 |     8 |    89 |       ||   104
         Acid dragon scale |       |       |    13 |    22 ||    35
  Dodge: Dodged            |     9 |    24 |   124 |    32 ||   189
